 Dungeon Crawl Stone Soup version 0.21-a0-41-g5e91fef (webtiles) character file.

6385 tilp the Severer (level 10, -1/81 HPs)
             Began as a Deep Dwarf Fighter on June 3, 2017.
             Was an Elder of Makhleb.
             Slain by a two-headed ogre
             ... wielding a +0 giant spiked club
              (15 damage)
             ... on level 9 of the Dungeon.
             The game lasted 00:35:46 (9900 turns).

tilp the Severer (Deep Dwarf Fighter)               Turns: 9900, Time: 00:35:46

Health: -1/81      AC: 14    Str: 20    XL:     10   Next: 66%
Magic:  10/10      EV:  3    Int: 12    God:    Makhleb [****..]
Gold:   621        SH:  9    Dex: 12    Spells: 9/9 levels left

rFire    + . .     SeeInvis .   a - +0 war axe
rCold    . . .     Gourm    .   c - +0 shield
rNeg     + . .     Faith    .   M - +2 plate armour {rF+}
rPois    .         Spirit   .   B - +0 helmet
rElec    .         Reflect  .   (no cloak)
rCorr    +         Harm     .   (no gloves)
MR       +....                  (no boots)
Stlth    ..........             (no amulet)
Regen    0.0/turn               J - ring of resist corrosion
MPRegen  0.2/turn               O - ring of positive energy

@: non-regenerating
A: damage resistance, heal wounds, sense surroundings 2, no regeneration
a: Heal Wounds, Minor Destruction, Lesser Servant of Makhleb, Major Destruction,
Renounce Religion


You were on level 9 of the Dungeon.
You worshipped Makhleb.
Makhleb was greatly pleased with you.
You were not hungry.

You visited 2 branches of the dungeon, and saw 10 of its levels.
You also visited: Sewer.

You collected 621 gold pieces.

Inventory:

Hand Weapons
 a - a +0 war axe (weapon)
 k - a +1 short sword of speed
 H - a +2 dagger of flaming
 N - the +3 rapier of Dishonesty {drain, rElec rN+ MR+}
   (You found it on level 8 of the Dungeon)

   A truly terrible weapon, it drains the life of those it strikes.
   It insulates you from electricity.
   It protects you from negative energy.
   It affects your resistance to hostile enchantments.
Missiles
 l - 267 stones
 z - 2 tomahawks
 G - 3 javelins (quivered)
Armour
 c - a +0 shield (worn)
 B - a +0 helmet (worn)
 M - a +2 plate armour of fire resistance (worn)
Magical Staves
 d - an uncursed staff of death {unknown}
Jewellery
 J - a ring of resist corrosion (left hand)
 O - a ring of positive energy (right hand)
Wands
 b - a wand of disintegration (7/24)
 r - a wand of flame (26/48)
 E - a wand of lightning (6/15)
 K - a wand of paralysis (15/24)
Scrolls
 g - 4 scrolls of remove curse
 h - 5 scrolls of amnesia
 i - a scroll of fog {unknown}
 n - a scroll of fear {unknown}
 q - a scroll of random uselessness {unknown}
 u - a scroll of vulnerability {unknown}
 v - 5 scrolls of teleportation {unknown}
 x - 2 scrolls of enchant weapon {unknown}
 y - 2 scrolls of immolation {unknown}
 D - 3 scrolls of magic mapping {unknown}
 L - 2 scrolls of blinking {unknown}
Potions
 e - 2 potions of cancellation {unknown}
 j - a potion of resistance {unknown}
 m - 3 potions of brilliance
 o - 8 potions of curing
 p - a potion of lignification {unknown}
 s - 3 potions of agility
 t - a potion of heal wounds {unknown}
 A - 3 potions of magic
Comestibles
 f - 7 bread rations
 w - 10 chunks of flesh
 C - a meat ration
 F - 9 fruits
 I - 3 royal jellies


   Skills:
 - Level 2.6 Fighting
 * Level 16.5 Axes
 - Level 3.2 Armour
 - Level 3.2 Shields
 + Level 1.5 Invocations


You had 9 spell levels left.
You didn't know any spells.

Dungeon Overview and Level Annotations

Branches:
Dungeon (9/15)             Temple (1/1) D:4            Lair (0/6) D:8
    Orc: D:9-12

Altars:
Ashenzari
Cheibriados
Dithmenos
Elyvilon
Fedhas
Gozag
Hepliaklqana
Kikubaaqudgha
Makhleb
Nemelex Xobeh
Okawaru
Qazlal
Ru
Sif Muna
Trog
Uskayaw
Vehumet
Wu Jian
Xom
Yredelemnul
Zin
The Shining One

Annotations:
D:4 Edmund


Innate Abilities, Weirdness & Mutations

You are resistant to damage.
You can heal yourself by infusing magical energy.
You passively map the area around you.
You do not regenerate.


Message History

The two-headed ogre is moderately wounded.
The two-headed ogre barely misses you.
The two-headed ogre hits you but does no damage.
You slash the two-headed ogre!
The two-headed ogre is heavily wounded.
You hit the two-headed ogre.
The two-headed ogre is heavily wounded.
The two-headed ogre hits you with a giant spiked club! x2
You barely miss the two-headed ogre.
The two-headed ogre is heavily wounded.
You hit the two-headed ogre.
The two-headed ogre is heavily wounded.
You block the two-headed ogre's attack.
The two-headed ogre hits you with a giant spiked club!
You slash the two-headed ogre!
The two-headed ogre is severely wounded.
The two-headed ogre hits you with a giant spiked club!
* * * LOW HITPOINT WARNING * * *
The two-headed ogre hits you with a giant spiked club!
You die...

#...# #..# #...###########
#..# #..........:..# #..#
######..######.#.#.#####..#
#.................#.......#
#.############.#.#.#####.##
#.# #....># #.# #.# ###.###
#.# #.# #@# #.# #.# #O# #.#
#.# * * #.# #.# #.# ,... .#
#.# , ..... * #.# ......# *
#.# ........, ,,, #.#
#.......##** * #.#
#.......#


You could see a two-headed ogre.

Vanquished Creatures
  A two-headed ogre (D:8)
  Joseph (D:9)
  A troll (D:9)
  A hippogriff (D:6)
  A wyvern (D:8)
  A spriggan (D:7)
  3 yaks (D:9)
  Eustachio (D:5)
  2 ice beasts
  5 sky beasts
  2 orc warriors (D:7)
  3 black bears (D:8)
  2 phantoms (D:4)
  2 centaurs
  3 ogres
  A crocodile (D:9)
  5 big kobolds
  3 bullfrogs
  A water moccasin zombie (D:6)
  A scorpion (D:8)
  4 howler monkeys
  A crimson imp (D:7)
  3 bullfrog zombies
  5 hounds
  A jelly (D:6)
  8 orc priests
  2 bullfrog skeletons
  A centaur skeleton (D:7)
  2 iguanas
  Jessica (D:2)
  8 orc wizards
  11 worker ants
  A hound zombie (D:8)
  A hound skeleton (D:9)
  A howler monkey zombie (D:8)
  Robin (D:3)
  3 gnolls (D:8)
  15 adders
  A river rat (Sewer)
  2 shadow imps
  6 oozes
  3 adder skeletons
  7 worms
  5 dart slugs
  7 leopard geckos
  26 orcs
  9 giant cockroaches
  16 goblins
  11 hobgoblins
  11 jackals
  16 kobolds
  3 quokkas
  5 ball pythons
  2 bats
  3 frilled lizards
  10 rats
252 creatures vanquished.

Notes
Turn   | Place    | Note
-------+----------+-------------------------------------------
     0 | D:1      | tilp the Deep Dwarf Fighter began the quest for the Orb.
     0 | D:1      | Reached XP level 1. HP: 20/20 MP: 1/1
    76 | D:1      | Reached skill level 3 in Axes
    76 | D:1      | Reached XP level 2. HP: 27/27 MP: 2/2
   382 | D:1      | Reached skill level 4 in Axes
   382 | D:1      | Reached XP level 3. HP: 23/33 MP: 3/3
  1208 | D:2      | Noticed Jessica
  1215 | D:2      | Killed Jessica
  1215 | D:2      | Reached XP level 4. HP: 9/40 MP: 4/4
  1256 | D:2      | Reached skill level 5 in Axes
  2303 | D:3      | Noticed Robin
  2333 | D:3      | Killed Robin
  2333 | D:3      | Reached XP level 5. HP: 8/46 MP: 5/5
  2502 | D:3      | Found a shattered altar of Ashenzari.
  2848 | D:3      | Reached skill level 6 in Axes
  2980 | D:3      | HP: 1/46 [orc priest/divine providence (7)]
  3477 | D:4      | Noticed a phantom
  3506 | D:4      | Killed a phantom
  3506 | D:4      | Reached skill level 7 in Axes
  3506 | D:4      | Reached XP level 6. HP: 7/55 MP: 6/6
  3551 | D:4      | Found a staircase to the Ecumenical Temple.
  3568 | Temple   | Entered the Ecumenical Temple
  3787 | Temple   | Became a worshipper of Makhleb the Destroyer
  3908 | D:4      | Noticed Edmund
  4210 | D:4      | Reached skill level 8 in Axes
  4382 | D:4      | Reached XP level 7. HP: 10/61 MP: 6/6
  4639 | D:5      | Entered Level 5 of the Dungeon
  4747 | D:5      | HP: 2/61 [something (4)]
  4768 | D:5      | Reached skill level 9 in Axes
  4882 | D:5      | Reached * piety under Makhleb
  5169 | D:5      | Reached skill level 10 in Axes
  5509 | D:5      | Reached XP level 8. HP: 42/68 MP: 7/7
  5527 | D:5      | Found a shadowy altar of Dithmenos.
  5589 | D:5      | Noticed Eustachio
  5616 | D:5      | Killed Eustachio
  5875 | D:5      | Reached skill level 11 in Axes
  5998 | D:6      | Reached ** piety under Makhleb
  6062 | D:6      | Reached skill level 12 in Axes
  6102 | D:6      | Found a glowing drain.
  6115 | Sewer    | Entered a sewer
  6858 | Sewer    | Gained mutation: You passively map the area around you. [Deep Dwarf growth]
  6858 | Sewer    | Reached XP level 9. HP: 74/74 MP: 8/8
  7085 | D:6      | Reached skill level 13 in Axes
  7462 | D:7      | Reached *** piety under Makhleb
  7546 | D:7      | Reached skill level 14 in Axes
  7943 | D:7      | HP: 3/74 [orc warrior/trident (13)]
  8420 | D:8      | Reached skill level 15 in Axes
  8420 | D:8      | Reached XP level 10. HP: 42/81 MP: 9/9
  8488 | D:8      | Found a staircase to the Lair.
  8702 | D:8      | Got a steaming rapier
  8703 | D:8      | Identified the +3 rapier of Dishonesty {drain, rElec rN+ MR+} (You found it on level 8 of the Dungeon)
  8769 | D:8      | Reached **** piety under Makhleb
  8844 | D:8      | Noticed a two-headed ogre
  8850 | D:8      | Killed a two-headed ogre
  8964 | D:8      | Found a bloodstained altar of Trog.
  9362 | D:9      | Reached skill level 16 in Axes
  9376 | D:9      | Reached skill level 1 in Invocations
  9557 | D:9      | Noticed Joseph
  9576 | D:9      | Killed Joseph
  9887 | D:9      | Noticed a two-headed ogre
  9900 | D:9      | Slain by a two-headed ogre

Vault maps used:
D:1:      dpeg_arrival_stonehenge_8_columns, minmay_stone_trees_large
D:2:      first_bread, uniq_jessica
D:3:      nicolae_ashenzari_panopticon, uniq_robin
D:4:      minmay_temple_entry_glass, kennysheep_generic_room_5, uniq_ijyb,
          uniq_edmund
D:5:      st_stairs_7, minmay_misc_feat_tiny,
          nicolae_dithmenos_through_a_glass_darkly, uniq_eustachio
D:6:      portal_sewer_entry_f
D:7:      kennysheep_another_room, the_bakery
D:8:      black_bear_nest_1, trog_ov_bears_minmay, lair_entry_dummy
D:9:      uniq_joseph
Temple:   nicolae_temple_the_god_donut
Sewer:    sewer_co_tree

Skill      XL: |  1  2  3  4  5  6  7  8  9 10 |
---------------+-------------------------------+-----
Axes           | 3 4 5 7 8 10 12 15 16 | 16.5
Invocations    | 1 |  1.5
Fighting       | |  2.6
Armour         | |  3.2
Shields        | |  3.2

Action                   |  1- 3 |  4- 6 |  7- 9 | 10-12 || total
-------------------------+-------+-------+-------+-------++-------
Melee: War axe           |   108 |   188 |   604 |   212 ||  1112
Throw: Stone             |     4 |    16 |    12 |       ||    32
       Javelin           |       |    40 |    47 |     2 ||    89
       Tomahawk          |       |     4 |       |       ||     4
Invok: Minor Destruction |       |       |     1 |     2 ||     3
 Abil: Heal Wounds       |       |     3 |     5 |       ||     8
  Use: Potion            |       |       |     7 |     1 ||     8
       Scroll            |       |       |     6 |     2 ||     8
  Eat: Chunk             |     1 |     2 |     6 |     5 ||    14
       Bread ration      |       |     1 |     1 |       ||     2
       Royal jelly       |       |     2 |     2 |       ||     4
Armor: Scale mail        |    48 |    56 |    51 |       ||   155
       Chain mail        |       |       |   145 |       ||   145
       Plate armour      |       |       |    77 |    83 ||   160
Dodge: Dodged            |    30 |    32 |    74 |    19 ||   155
Block: Shield            |    57 |    86 |   198 |    70 ||   411
